 Dungeon Crawl Stone Soup version 0.19.1 (webtiles) character file.

16 Dfrag the Firebug (level 2, -1/19 HPs)
             Began as a Demonspawn Fire Elementalist on Nov 29, 2016.
             Slain by a leopard gecko (2 damage)
             ... on level 1 of the Dungeon.
             The game lasted 00:01:17 (379 turns).

Dfrag the Firebug (Demonspawn Fire Elementalist)     Turns: 379, Time: 00:01:17

Health: -1/19      AC:  3    Str:  8    XL:     2   Next: 37%
Magic:  0/5        EV: 12    Int: 16    God:
Gold:   27         SH:  0    Dex: 13    Spells: 1 memorised, 4 levels left

rFire  . . .     SeeInvis .     e - +0 hand axe
rCold  . . .     Gourm    .     a - +0 robe
rNeg   . . .     Faith    .     (no shield)
rPois  .         Spirit   .     (no helmet)
rElec  .         Reflect  .     (no cloak)
rCorr  .         Harm     .     h - +0 pair of gloves
MR     .....                    (no boots)
Stlth  +++.......               (no amulet)
                                (no ring)
                                (no ring)

@: very slightly contaminated
A: nightstalker 1
a: no special abilities


You were on level 1 of the Dungeon.
You were not hungry.

You visited 1 branch of the dungeon, and saw 1 of its levels.

You collected 27 gold pieces.

Inventory:

Hand Weapons
 e - a +0 hand axe (weapon)
Armour
 a - a +0 robe (worn)
 h - a +0 pair of gloves (worn)
Scrolls
 d - 2 scrolls of remove curse {unknown}
 g - a scroll of teleportation {unknown}
 j - a scroll of identify {unknown}
Potions
 f - a potion of magic {unknown}
 i - a potion of mutation {unknown}
Books
 b - a book of Flames

   Spells                             Type                      Level
   a - Flame Tongue                   Conjuration/Fire             1
   b - Throw Flame                    Conjuration/Fire             2
   c - Conjure Flame                  Conjuration/Fire             3
   d - Inner Flame                    Hexes/Fire                   3
   e - Sticky Flame                   Conjuration/Fire             4
   f - Fireball                       Conjuration/Fire             5
Comestibles
 c - a bread ration


   Skills:
 - Level 1.7 Dodging
 - Level 1.7 Stealth
 + Level 2.1 Spellcasting
 + Level 1.7 Conjurations
 + Level 3.0 Fire Magic


You had 4 spell levels left.
You knew the following spells:

 Your Spells              Type           Power        Failure   Level  Hunger
a - Flame Tongue          Conj/Fire      #....        10%         1    #......


Dungeon Overview and Level Annotations

Branches:
Dungeon (1/15)

Altars:


Innate Abilities, Weirdness & Mutations

You are slightly more attuned to the shadows.


Message History

You don't have enough magic to cast that spell.
Unknown command.
The leopard gecko closely misses you.
The leopard gecko hisses menacingly.
The leopard gecko bites you.
* * * LOW HITPOINT WARNING * * *
You miss the leopard gecko. The leopard gecko bites you.
* * * LOW HITPOINT WARNING * * *
Casting: Flame Tongue
Confirm with . or Enter, or press ? or * to list all spells.
Aiming: Flame Tongue
Press: ? - help, Shift-Dir - straight line, f/p - leopard gecko
Aim: a leopard gecko (clinging)
The flame tongue misses the leopard gecko.
The leopard gecko completely misses you.
Unknown command.
The leopard gecko bites you.
* * * LOW HITPOINT WARNING * * *
The leopard gecko bites you.
You die...

........#.....# ####### #.##.#
^.......#.....#############....##
........#.....#......)...........
........#...........#############
##+##.#.###.# ## #.....#.#
#.#########
.#########..###.###..........
>.†.....................####.##
.............l.l@..............
.######################..###.# .#
#..# # .# #..# .# .# #..###.## .#
##......# ## #....#..# #....# ..
#....#.#


You could see a leopard gecko and a frilled lizard.

Vanquished Creatures
  A dart slug (D:1)
  A leopard gecko (D:1)
  A bat (D:1)
  2 goblins (D:1)
  3 hobgoblins (D:1)
  A kobold (D:1)
  A frilled lizard (D:1)
  2 rats (D:1)
12 creatures vanquished.

Notes
Turn   | Place    | Note
-------+----------+-------------------------------------------
     0 | D:1      | Dfrag the Demonspawn Fire Elementalist began the quest for the Orb.
     0 | D:1      | Reached XP level 1. HP: 13/13 MP: 3/3
   261 | D:1      | Gained mutation: You are slightly more attuned to the shadows. [demonic ancestry]
   261 | D:1      | Reached XP level 2. HP: 2/19 MP: 0/5
   327 | D:1      | Reached skill level 3 in Fire Magic
   379 | D:1      | Slain by a leopard gecko

Skill      XL: |  1  2 |
---------------+-------+-----
Fire Magic     | 3 |  3.0
Dodging        | |  1.7
Stealth        | |  1.7
Spellcasting   | |  2.1
Conjurations   | |  1.7

Action                   || total
-------------------------++-------
Melee: Unarmed           ||    10
       Hand axe          ||     7
 Cast: Flame Tongue      ||    20
Armor: Robe              ||     1
Dodge: Dodged            ||    16
